 Dungeon Crawl Stone Soup version 0.21.1-1-g345015f (webtiles) character file.

344 Scud the Covert (level 6, -6/31 HPs)
             Began as a Spriggan Assassin on Mar 15, 2018.
             Was an Initiate of Dithmenos.
             Shot with an arrow by a centaur (8 damage)
             ... on level 5 of the Dungeon.
             The game lasted 00:34:58 (6687 turns).

Scud the Covert (Spriggan Assassin)                 Turns: 6687, Time: 00:34:59

Health: -6/31      AC:  3    Str:  7    XL:     6   Next: 31%
Magic:  7/7        EV: 19    Int: 13    God:    Dithmenos [......]
Gold:   73         SH:  0    Dex: 19    Spells: 5/5 levels left

rFire    + . .     SeeInvis +   a - +2 dagger
rCold    . . .     Gourm    .   (shield restricted)
rNeg     . . .     Faith    .   c - +0 robe
rPois    .         Spirit   .   (helmet restricted)
rElec    .         Reflect  .   d - +0 cloak
rCorr    .         Harm     .   (gloves unavailable)
MR       +....                  (boots unavailable)
Stlth    ++++......             (no amulet)
HPRegen  0.10/turn              n - ring of protection from fire
MPRegen  0.10/turn              (no ring)

@: very quick
A: very small, unfitting armour, see invisible, herbivore, speed 3, slow
metabolism 2
a: Renounce Religion


You were on level 5 of the Dungeon.
You worshipped Dithmenos.
Dithmenos was noncommittal.
You were not hungry.

You visited 2 branches of the dungeon, and saw 6 of its levels.

You collected 73 gold pieces.

Inventory:

Hand Weapons
 a - a +2 dagger (weapon)
 b - a +0 blowgun
 h - a +0 spear
Missiles
 e - 4 poisoned needles
 j - a curare-tipped needle
 l - 178 stones (quivered)
Armour
 c - a +0 robe (worn)
 d - a +0 cloak (worn)
Jewellery
 i - a cursed ring of loudness {unknown}
 n - a ring of protection from fire (left hand)
 r - a +6 ring of intelligence {unknown}
Scrolls
 f - a scroll of amnesia
 m - 2 scrolls of identify
 o - a scroll of teleportation
Potions
 k - a potion of heal wounds
 p - a potion of haste
 q - a potion of curing {unknown}
 s - a potion of invisibility {unknown}
Comestibles
 g - 6 rations


   Skills:
 + Level 2.3 Fighting
 + Level 4.0 Short Blades
 + Level 3.4 Throwing
 + Level 3.6 Dodging
 + Level 8.1 Stealth


You had 5 spell levels left.
You didn't know any spells.

Dungeon Overview and Level Annotations

Branches:
Dungeon (5/15)             Temple (1/1) D:4

Altars:
Dithmenos
Elyvilon
Fedhas
Gozag
Hepliaklqana
Kikubaaqudgha
Makhleb
Okawaru
Qazlal
Ru
Zin

Annotations:
D:4 joklet's ghost, amateur DECj


Innate Abilities, Weirdness & Mutations

You are very small and have problems with some larger weapons.
You are too small for most types of armour.
You have supernaturally acute eyesight. (SInv)
You are a herbivore.
You cover ground extremely quickly.
You need consume almost no food.


Message History

HP restored.
Done exploring.
You see here a scale mail.
There is a stone staircase leading down here.
You climb downwards.
You hear the hiss of flowing sand.
There is an entrance to an ossuary on this level.
Hurry and find it before the portal is buried!
Found a murky black potion.
Found a stone staircase leading up.
There is a stone staircase leading up here.
A centaur comes into view.
The centaur shouts!
The centaur wields a shortbow.
The centaur shoots an arrow.
The arrow hits you!!
Ouch! That really hurt!
You see here an arrow.
The centaur shoots an arrow.
The arrow hits you!
* * * LOW HITPOINT WARNING * * *
You see here an arrow.
The centaur shoots an arrow.
The arrow hits you!
You die...

.#. # #.#
.# #.#
..#
#c###..#.
#.#......
#.#..!...
#........
#(.......
#@<......
#..#####.
#..# #<.#
#........
#.###.###
#.# # ..#
###


You could see a centaur.

Vanquished Creatures
  3 worker ants
  A hound skeleton (D:4)
  13 gnolls
  4 adders
  A worm (D:3)
  3 dart slugs
  6 leopard geckos
  3 orcs (D:3)
  2 ball pythons
  10 bats
  3 giant cockroaches
  8 hobgoblins
  8 jackals
  6 kobolds
  2 quokkas
  3 frilled lizards
  7 goblins
  A leopard gecko skeleton (D:4)
  8 rats
92 creatures vanquished.

Vanquished Creatures (others)
  A quokka (D:4)
1 creature vanquished.

Grand Total: 93 creatures vanquished

Notes
Turn   | Place    | Note
-------+----------+-------------------------------------------
     0 | D:1      | Scud the Spriggan Assassin began the quest for the Orb.
     0 | D:1      | Reached XP level 1. HP: 10/10 MP: 2/2
    77 | D:1      | Reached skill level 6 in Stealth
   310 | D:1      | Reached XP level 2. HP: 3/15 MP: 3/3
  1153 | D:1      | Reached XP level 3. HP: 16/18 MP: 4/4
  1696 | D:2      | Reached XP level 4. HP: 22/23 MP: 5/5
  2370 | D:2      | Reached skill level 7 in Stealth
  2978 | D:2      | Reached XP level 5. HP: 23/26 MP: 6/6
  3473 | D:3      | Found a blossoming altar of Fedhas.
  5034 | D:3      | Reached XP level 6. HP: 16/30 MP: 7/7
  5259 | D:4      | Reached skill level 8 in Stealth
  5436 | D:4      | Noticed joklet's ghost (amateur DECj)
  5843 | D:4      | Found a white marble altar of Elyvilon.
  6149 | D:4      | Found a staircase to the Ecumenical Temple.
  6160 | Temple   | Entered the Ecumenical Temple
  6193 | Temple   | Became a worshipper of Dithmenos the Shadowed
  6682 | D:5      | Entered Level 5 of the Dungeon
  6687 | D:5      | Shot with an arrow by a centaur

Skill      XL: |  1  2  3  4  5  6 |
---------------+-------------------+-----
Stealth        | 6 7 8 |  8.1
Dodging        | 2 3 |  3.6
Short Blades   | 3 4 |  4.0
Fighting       | 2 |  2.3
Throwing       | 3 |  3.4

Action                   |  1- 3 |  4- 6 || total
-------------------------+-------+-------++-------
Melee: Dagger            |    87 |   311 ||   398
 Fire: Blowgun           |    26 |    18 ||    44
Throw: Stone             |    27 |    14 ||    41
  Use: Scroll            |     5 |     1 ||     6
       Potion            |     3 |       ||     3
 Stab: Sleeping          |     5 |    14 ||    19
       Distracted        |       |     2 ||     2
  Eat: Ration            |       |     2 ||     2
Armor: Robe              |    18 |    13 ||    31
Dodge: Dodged            |    87 |   205 ||   292
